 Dungeon Crawl Stone Soup version 0.27-a0-668-gb5737ff2c0 (webtiles) character file.

Game seed: 3744727421793870137

4 wakim the Skirmisher (level 1, 0/14 HPs)
             Began as a Gargoyle Fighter on Mar 17, 2021.
             Slain by a bat (1 damage)
             ... on level 1 of the Dungeon.
             The game lasted 00:00:41 (34 turns).

wakim the Skirmisher (Gargoyle Fighter)               Turns: 34, Time: 00:00:42

Health: 0/14       AC:  9    Str: 19    XL:     1   Next: 70%
Magic:  1/1        EV:  7    Int:  8    God:
Gold:   7          SH:  9    Dex:  9    Spells: 0/0 levels left

rFire    . . .     SeeInvis .   a - +0 flail
rCold    . . .     Faith    .   c - +0 kite shield
rNeg     + . .     Spirit   .   b - +0 scale mail
rPois    ∞         Reflect  .   (no helmet)
rElec    +         Harm     .   (no cloak)
rCorr    .         Rampage  .   (no gloves)
Will     .....                  (no boots)
Stlth    ..........             (no amulet)
HPRegen  0.04/turn              (no ring)
MPRegen  0.07/turn              (no ring)

@: mighty
A: AC +2, negative energy resistance 1, electricity resistance, torment
resistance 1, unbreathing 1, petrification resistance
a: no special abilities


You were on level 1 of the Dungeon.
You visited 1 branch of the dungeon, and saw 1 of its levels.

You collected 7 gold pieces.

Inventory:

Hand Weapons
 a - a +0 flail (weapon)
Armour
 b - a +0 scale mail (worn)
 c - a +0 kite shield (worn)


   Skills:
 + Level 3.3 Fighting
 * Level 2.1 Maces & Flails
 + Level 3.3 Armour
 + Level 3.3 Shields


You couldn't memorise any spells.
You didn't know any spells.
Your spell library was empty.

Dungeon Overview and Level Annotations

Branches:
Dungeon (1/15)

Altars:


Innate Abilities, Weirdness & Mutations

Your stone body is resilient. (AC +2)
You are immune to poison.
You resist negative energy. (rN+)
You are resistant to electric shocks. (rElec)
You are resistant to unholy torment.
You can survive without breathing.
You are immune to petrification.


Message History

You are too injured to fight recklessly!
You are too injured to fight recklessly!
You are too injured to fight recklessly!
You are too injured to fight recklessly!
You are too injured to fight recklessly!
You are too injured to fight recklessly!
You miss the bat. The jackal bites you.
* * * LOW HITPOINT WARNING * * *
You are too injured to fight recklessly!
You are too injured to fight recklessly!
You are too injured to fight recklessly!
You are too injured to fight recklessly!
You are too injured to fight recklessly!
You are too injured to fight recklessly!
You are too injured to fight recklessly!
You are too injured to fight recklessly!
You are too injured to fight recklessly!
You are too injured to fight recklessly!
You closely miss the jackal. The bat hits you.
* * * LOW HITPOINT WARNING * * *
The jackal bites you.
* * * LOW HITPOINT WARNING * * *
You miss the jackal. You hit the jackal.
The jackal is almost dead.
The jackal pauses to sniff the ground.
The jackal bites you.
* * * LOW HITPOINT WARNING * * *
You hit the jackal.
You kill the jackal!
You barely miss the jackal. You closely miss the jackal. The jackal bites you.
* * * LOW HITPOINT WARNING * * *
You feel very mighty all of a sudden. The jackal bites you.
* * * LOW HITPOINT WARNING * * *
You completely miss the jackal. You closely miss the jackal. The bat hits you.
You die...

... . ..# . ##.#
.# #).# .#####
###Br##......
##≈≈≈h≈≈≈≈≈≈#.
##≈≈≈≈≈B≈≈≈≈≈≈.
###≈≈≈≈≈≈h≈≈≈≈≈≈≈
.g≈≈≈8≈≈@≈≈≈≈≈8≈≈
..≈≈≈≈≈.b≈≈≈≈≈≈≈≈
..≈≈≈≈≈.≈≈≈≈≈≈≈≈≈
..≈≈≈≈≈.≈≈≈≈≈≈≈≈≈
..≈≈≈≈≈≈..>≈≈≈≈≈≈
..≈≈≈≈≈≈≈<..≈≈≈≈≈
..≈≈≈≈≈≈≈≈≈≈.≈≈≈≈
#.≈≈≈≈≈≈≈≈≈≈.≈≈≈≈
..≈≈≈≈≈≈≈≈≈≈.≈≈≈≈


You could see 2 jackals, 2 giant cockroaches, a goblin, a bat and a rat.

Vanquished Creatures
  3 jackals (D:1)
  A goblin (D:1)
4 creatures vanquished.

Notes
Turn   | Place    | Note
-------+----------+-------------------------------------------
     0 | D:1      | wakim the Gargoyle Fighter began the quest for the Orb.
     0 | D:1      | Reached XP level 1. HP: 14/14 MP: 1/1
    34 | D:1      | Slain by a bat

Illustrated notes

Levels and vault maps discovered:
D:1:      nzn_arrival_water_spiral, layout_loops_ring, grunt_decor_junction,
          minmay_hexomino_r4

Action                   || total
-------------------------++-------
Melee: Flail             ||    19
  Use: Potion            ||     1
Armor: Scale mail        ||    38
Dodge: Dodged            ||    21
Block: Kite shield       ||    21

Table legend: (Time is in decaauts)
 A = Elapsed time spent in this place.
 B = Non-inter-level travel time spent in this place.
 C = Inter-level travel time spent in this place.
 D = Time resting spent in this place.
 E = Time spent auto-exploring this place.
 F = Levels seen in this place.
 G = Mean time per level.
                   A        B        C        D        E       F      G
               +--------+--------+--------+--------+--------+-----+--------+
         Total |     43 |     43 |      0 |      0 |      1 |   1 |   43.0 |
       Dungeon |     43 |     43 |      0 |      0 |      1 |   1 |   43.0 |
               +--------+--------+--------+--------+--------+-----+--------+

Top non-repeatable levels by time:
     D:1: 43 daAuts
